 Dungeon Crawl Stone Soup version 0.26.1-2-gb8aa6d0cf2 (webtiles) character file.

Game seed: 10235308914338201754

33413 Gadfly the Basher (level 13, 0/130 HPs)
             Began as a Troll Delver on Feb 25, 2021.
             Was an Initiate of Gozag.
             Slain by a swamp worm (22 damage)
             ... on level 4 of the Lair of Beasts.
             The game lasted 00:33:15 (16433 turns).

Gadfly the Basher (Troll Delver)                   Turns: 16433, Time: 00:33:16

Health: 0/130      AC: 19    Str: 29    XL:     13   Next: 36%
Magic:  12/12      EV: 13    Int:  9    God:    Gozag
Gold:   808        SH:  0    Dex: 18    Spells: 12/12 levels left

rFire    x . .     SeeInvis .   b - +10 hand axe of Pyromania {vamp, Str+3 Int+3}
rCold    + + .     Faith    .   (no shield)
rNeg     . . .     Spirit   .   k - +0 ice dragon scales
rPois    .         Reflect  .   N - +1 hat "Guck" {+Fly Regen+}
rElec    .         Harm     .   R - +0 cloak
rCorr    .         Rampage  .   (gloves unavailable)
Will     .....                  (boots unavailable)
Stlth    +.........             G - amulet of regeneration
HPRegen  1.51/turn              H - +4 ring of evasion
MPRegen  0.13/turn              v - +6 ring of dexterity

@: about to teleport
A: large, unfitting armour, claws 3, regeneration 1, shaggy fur 1, tough skin 3
a: Renounce Religion, Evoke Flight, Potion Petition, Call Merchant, Bribe Branch


You were on level 4 of the Lair of Beasts.
You worshipped Gozag.
Gozag was pleased with you.
You visited 3 branches of the dungeon, and saw 17 of its levels.

You collected 2579 gold pieces.
You paid 1771 gold pieces to Gozag.

Inventory:

Hand Weapons
 a - a +4 dire flail
 b - the +10 hand axe of Pyromania (weapon) {vamp, Str+3 Int+3}
   (You took it off an orc on level 8 of the Dungeon)

   It inflicts no extra harm, but heals its wielder when it wounds a living foe.
   It affects your strength (+3).
   It affects your intelligence (+3).
 u - a +1 morningstar
 I - a +2 hand axe of flaming
Armour
 k - +0 ice dragon scales (worn)
 o - a +1 hat
 y - +0 swamp dragon scales
 N - the +1 hat "Guck" (worn) {+Fly Regen+}
   (You found it on level 11 of the Dungeon)

   It lets you fly.
   It increases your rate of regeneration.
 R - a +0 cloak (worn)
Jewellery
 h - an uncursed ring of willpower
 p - an uncursed ring of positive energy
 r - an uncursed ring of ice
 v - a +6 ring of dexterity (right claw)
 F - the ring "Denatun" {SInv Stlth-}
   (You found it on level 11 of the Dungeon)

   [ring of attention]

   It lets you see invisible.
   It makes you less stealthy.
 G - an amulet of regeneration (around neck)
 H - a +4 ring of evasion (left claw)
 L - an uncursed ring of willpower
Wands
 g - a wand of digging (9)
 l - a wand of flame (17) (quivered)
 n - a wand of iceblast (14)
 w - a wand of polymorph (34)
 D - a wand of acid (3)
 O - a wand of paralysis (8)
 P - a wand of random effects (14)
Scrolls
 c - 4 scrolls of fog
 d - 3 scrolls of magic mapping
 e - a scroll of fear
 j - a scroll of enchant armour
 q - a scroll of silence
 s - 9 scrolls of teleportation
 B - 2 scrolls of identify
 C - 2 scrolls of blinking
 E - 4 scrolls of remove curse
 K - 4 scrolls of enchant weapon
Potions
 f - 3 potions of haste
 i - 4 potions of lignification
 m - 9 potions of curing
 t - 4 potions of heal wounds
 z - a potion of might
 A - 2 potions of resistance
 J - a potion of mutation
 M - a potion of berserk rage
Miscellaneous
 x - a phial of floods
 Q - a lightning rod (4/4)


   Skills:
 + Level 8.8 Fighting
 * Level 12.7 Maces & Flails
 + Level 8.9 Armour
 - Level 1.5 Dodging
 - Level 2.7 Stealth
 + Level 9.0 Evocations


You had 12 spell levels left.
You didn't know any spells.
Your spell library contained the following spells:

 Spells                   Type           Power        Failure   Level
 Freeze                   Ice            0%           65%         1
 Sting                    Tmut/Pois      0%           65%         1
 Summon Small Mammal      Summ           0%           65%         1
 Call Imp                 Summ           0%           78%         2
 Poisonous Vapours        Pois/Air       0%           78%         2
 Call Canine Familiar     Summ           0%           95%         3
 Frozen Ramparts          Ice            0%           95%         3
 Ignite Poison            Fire/Tmut/Pois 0%           95%         3
 Mephitic Cloud           Conj/Pois/Air  0%           95%         3
 Ozocubu's Armour         Ice            0%           95%         3
 Summon Guardian Golem    Hex/Summ       0%           95%         3
 Hailstorm                Conj/Ice       0%           100%        4
 Olgreb's Toxic Radiance  Pois           0%           100%        4
 Summon Ice Beast         Ice/Summ       0%           100%        4
 Summon Lightning Spire   Summ/Air       0%           100%        4


Dungeon Overview and Level Annotations

Branches:
Dungeon (12/15)            Temple (1/1) D:7            Lair (4/6) D:10
  Swamp (0/4) Lair:4        Snake (0/4) Lair:3          Orc (0/2) D:12

Altars:
Ashenzari
Cheibriados
Dithmenos
Elyvilon
Fedhas
Gozag
Hepliaklqana
Kikubaaqudgha
Makhleb
Nemelex Xobeh
Okawaru
Qazlal
Ru
Sif Muna
Trog
Uskayaw
Vehumet
Wu Jian
Xom
Yredelemnul
Zin
The Shining One

Shops:
D:10 ([   D:11 *

Annotations:
D:4 2 transporters, packetloss's ghost, amateur DsGl
D:12 1 runed translucent door


Innate Abilities, Weirdness & Mutations

You are too large for most types of armour.
You have claws for hands.
Your natural rate of healing is unusually fast.
You are covered in fur. (AC +1)
You have extremely tough skin. (AC +3)


Message History

The swamp worm bites you but does no damage.
The swamp worm bites you!! The moth of wrath bites you.
The swamp worm bites you! The swamp worm bites you.
Unknown command.
Unknown command.
You closely miss the swamp worm.
The swamp worm is severely wounded.
You hit the swamp worm.
You feel better.
Your ice dragon scales prevents you from hitting the moth of wrath.
The swamp worm bites you! The swamp worm bites you!!
The moth of wrath barely misses you. The swamp worm bites you!!
* * * LOW HITPOINT WARNING * * *
The swamp worm bites you!
* * * LOW HITPOINT WARNING * * *
As you read the scroll of teleportation, it crumbles to dust.
You feel strangely unstable.
The moth of wrath completely misses you.
The swamp worm bites you!!
You die...
Your body crumbles into a pile of gold.

### #######.## #........# ##
#......#.##.# ##### #..........#
#.#.## ##..##P....#######≈...####
#.# ###.@y.#.##≈≈≈≈≈...#. ##
###ww.##≈≈≈≈≈≈≈...( #### #####
#.w.≈≈≈≈###≈≈≈≈.. #..###.#.###
#w.≈≈≈### ###≈≈≈.
≈≈.##.)....#######≈≈≈≈#≈ ##≈≈.
≈♣≈.#.......##.# ##≈≈≈≈≈y #≈≈.
§≈≈≈.....(.....# ##≈≈≈#[≈≈ ##≈≈.
≈≈≈≈≈..#.#....####≈≈≈≈###≈###≈≈≈.
≈≈≈♣.######....#.#≈#≈≈≈≈###≈≈≈≈..


You could see a moth of wrath and 4 swamp worms.

Vanquished Creatures
  Gastronok (D:11)
  A bunyip (D:11)
  5 hydras
  Fannar (Lair:1)
  2 boulder beetles (D:11)
  A two-headed ogre (D:11)
  A lindwurm (Lair:3)
  Pikel (D:5)
  2 ugly things
  A manticore (D:12)
  A wolf spider (D:11)
  A cyclops (D:12)
  Joseph (D:7)
  2 rime drakes
  5 kobold demonologists
  8 cane toads
  Maggie (D:7)
  2 komodo dragons
  4 trolls
  A jumping spider (D:11)
  A hornet (D:11)
  11 blink frogs
  Grinder (D:6)
  2 dream sheep (D:11)
  Sigmund (D:3)
  2 shadows
  2 wraiths
  A redback (D:11)
  2 wyverns
  2 basilisks
  15 yaks
  4 nagas (Lair:3)
  An acid dragon (D:7)
  11 water moccasins
  Duvessa (D:7)
  5 orc warriors
  3 sky beasts (D:8)
  5 black bears
  3 necrophages
  3 ice beasts
  6 ogres
  A phantom (D:7)
  7 wolves
  3 centaurs
  5 big kobolds
  13 bullfrogs
  Dowan (D:7)
  4 scorpions
  9 wights
  2 howler monkeys
  5 electric eels
  4 lava snakes (D:11)
  2 bullfrog zombies
  3 centaur zombies
  2 quasits
  9 hounds
  6 jellies
  5 orc priests
  A bullfrog skeleton (D:6)
  A centaur skeleton (D:7)
  2 iguanas
  Ijyb (D:3)
  Terence (D:3)
  12 orc wizards
  6 worker ants
  3 mummies (D:9)
  A worker ant zombie (D:9)
  A howler monkey zombie (D:9)
  18 adders
  3 gnolls (D:6)
  2 shadow imps
  3 white imps
  4 ufetubi
  An ooze (D:2)
  5 worms
  2 dart slugs (D:3)
  6 leopard geckos
  43 orcs
  3 ball pythons
  4 giant cockroaches
  9 goblins
  7 hobgoblins
  19 jackals
  10 quokkas
  4 bats
  4 frilled lizards
  A goblin skeleton (D:12)
  A hobgoblin zombie (D:12)
  19 kobolds
  3 orc zombies (D:12)
  4 rats
409 creatures vanquished.

Vanquished Creatures (others)
  14 fungi
  25 plants
  2 withered plants (D:9)
41 creatures vanquished.

Grand Total: 450 creatures vanquished

Notes
Turn   | Place    | Note
-------+----------+-------------------------------------------
     0 | D:5      | Gadfly the Troll Delver began the quest for the Orb.
     0 | D:5      | Reached XP level 1. HP: 22/22 MP: 0/0
    70 | D:3      | Reached skill level 2 in Maces & Flails
    70 | D:3      | Reached XP level 2. HP: 14/29 MP: 1/1
   183 | D:3      | Found a glowing golden altar of the Shining One.
   257 | D:1      | Reached skill level 1 in Armour
   308 | D:1      | Reached skill level 1 in Evocations
   505 | D:1      | Reached XP level 3. HP: 32/36 MP: 2/2
  1097 | D:2      | Reached XP level 4. HP: 41/44 MP: 3/3
  1209 | D:2      | Found a radiant altar of Vehumet.
  1487 | D:2      | Found a hide-covered altar of Uskayaw.
  1487 | D:2      | Found a shimmering blue altar of Sif Muna.
  1487 | D:2      | Found an ornate altar of the Wu Jian Council.
  1897 | D:3      | Noticed a necrophage
  1907 | D:3      | Killed a necrophage
  1908 | D:3      | Reached XP level 5. HP: 45/50 MP: 4/4
  1932 | D:3      | Found a white marble altar of Elyvilon.
  2075 | D:3      | Noticed Ijyb
  2078 | D:3      | Noticed Sigmund
  2109 | D:3      | Killed Ijyb
  2133 | D:3      | Killed Sigmund
  2134 | D:3      | Reached skill level 3 in Maces & Flails
  2134 | D:3      | Reached XP level 6. HP: 37/59 MP: 5/5
  2387 | D:3      | Reached XP level 7. HP: 30/67 MP: 6/6
  3026 | D:3      | Noticed Terence
  3048 | D:3      | Killed Terence
  3256 | D:4      | Got an ichor-stained whip
  3258 | D:4      | Identified the +1 whip "Dellotsi" {vorpal, rC+ Int+5} (You
                  | found it on level 4 of the Dungeon)
  3400 | D:4      | Noticed packetloss's ghost (amateur DsGl)
  3403 | D:4      | Found a transporter.
  3415 | D:4      | Found a transporter.
  3422 | D:4      | Reached skill level 4 in Maces & Flails
  3537 | D:4      | Found an iron altar of Okawaru.
  4469 | D:5      | Found a blossoming altar of Fedhas.
  4856 | D:5      | Reached XP level 8. HP: 78/78 MP: 7/7
  4926 | D:5      | Noticed Pikel
  4959 | D:5      | Killed Pikel
  4960 | D:5      | Reached skill level 5 in Maces & Flails
  5097 | D:5      | Got a translucent scimitar
  5340 | D:6      | Reached skill level 6 in Maces & Flails
  5610 | D:6      | Noticed Grinder
  5628 | D:6      | Killed Grinder
  5629 | D:6      | Reached XP level 9. HP: 83/85 MP: 8/8
  6037 | D:7      | Found a staircase to the Ecumenical Temple.
  6060 | D:7      | Reached skill level 5 in Armour
  6071 | Temple   | Entered the Ecumenical Temple
  6397 | D:7      | Noticed Joseph
  6411 | D:7      | Killed Joseph
  6412 | D:7      | Reached skill level 5 in Fighting
  6412 | D:7      | Reached skill level 7 in Maces & Flails
  6594 | D:7      | Found an ancient bone altar of Kikubaaqudgha.
  6660 | D:7      | Noticed Duvessa
  6660 | D:7      | Noticed Dowan
  6669 | D:7      | Killed Duvessa
  6675 | D:7      | Killed Dowan
  6820 | D:7      | Reached skill level 5 in Evocations
  6891 | D:7      | Noticed Maggie
  6913 | D:7      | Killed Maggie
  6917 | D:7      | Identified the cursed +0 scimitar of Irphucroph {vamp,
                  | Dex+4 SInv} (You found it on level 5 of the Dungeon)
  7110 | D:7      | Reached skill level 8 in Maces & Flails
  7113 | D:7      | Reached XP level 10. HP: 41/96 MP: 9/9
  8276 | D:8      | Found a stormy altar of Qazlal.
  8469 | D:8      | Identified the +10 hand axe of Pyromania {vamp, Str+3
                  | Int+3}
  8536 | D:8      | Reached skill level 9 in Maces & Flails
  8810 | D:8      | You fall into a shaft and drop 1 floor!
  9320 | D:9      | Found a broken altar of Ashenzari.
  9321 | D:9      | Found an opulent altar of Gozag.
  9331 | D:9      | Found a burning altar of Makhleb.
  9333 | D:9      | Became a worshipper of Gozag Ym Sagoz the Greedy
  9384 | D:9      | Found a sacrificial altar of Ru.
  9638 | D:10     | Entered Level 10 of the Dungeon
  9698 | D:10     | Reached XP level 11. HP: 99/107 MP: 10/10
  9876 | D:10     | Found a staircase to the Lair.
 10405 | D:10     | Reached skill level 10 in Maces & Flails
 10639 | D:11     | Noticed a white ugly thing
 10656 | D:11     | Killed a white ugly thing
 10704 | D:11     | Paralysed by a hornet for 1 turns
 11194 | D:11     | Noticed a cyan ugly thing
 11199 | D:11     | Noticed a sun demon
 11214 | D:11     | Noticed a sun demon
 11222 | D:10     | Killed a cyan ugly thing
 11273 | D:11     | Noticed a soul eater
 11497 | D:11     | Noticed an eight-headed hydra
 11501 | D:11     | Noticed a bunyip
 11501 | D:11     | an eight-headed hydra changed into a bunyip
 11511 | D:11     | Killed a bunyip
 11721 | D:11     | Noticed a two-headed ogre
 11729 | D:11     | Killed a two-headed ogre
 11733 | D:11     | Noticed a two-headed hydra
 11757 | D:11     | Killed a two-headed hydra
 11758 | D:11     | Reached skill level 11 in Maces & Flails
 11767 | D:11     | Reached XP level 12. HP: 97/118 MP: 11/11
 11823 | D:11     | Found Jiwanlixi's General Store.
 11866 | D:11     | Noticed Gastronok
 11897 | D:11     | Killed Gastronok
 11978 | D:11     | Found a runed translucent door.
 12451 | D:11     | Got a jewelled whip
 12459 | D:11     | Got a fine hat
 12473 | D:11     | Identified the +1 hat "Guck" {+Fly Regen+} (You found it on
                  | level 11 of the Dungeon)
 12474 | D:11     | Identified the +5 whip of the Endless March {vorpal,
                  | *Contam rPois Int+8 Dex-3} (You found it on level 11 of the
                  | Dungeon)
 12480 | D:11     | Noticed a boulder beetle
 12491 | D:11     | Noticed a boulder beetle
 12568 | D:11     | Killed a boulder beetle
 12586 | D:11     | Killed a boulder beetle
 12771 | D:11     | Got a transparent jade ring
 12775 | D:11     | Identified the ring "Denatun" {SInv Stlth-} (You found it
                  | on level 11 of the Dungeon)
 12902 | D:12     | Found a staircase to the Orcish Mines.
 13060 | D:12     | Noticed an ogre mage
 13061 | D:12     | Noticed a yaktaur captain
 13061 | D:12     | Noticed a centaur warrior
 13065 | D:12     | Found a runed translucent door.
 13448 | Lair:1   | Entered Level 1 of the Lair of Beasts
 13465 | Lair:1   | Noticed an eight-headed hydra
 13477 | Lair:1   | Killed a one-headed hydra
 13724 | Lair:1   | Noticed Fannar
 13750 | Lair:1   | Killed Fannar
 14131 | Lair:1   | Reached skill level 12 in Maces & Flails
 14397 | Lair:2   | Noticed an eight-headed hydra
 14412 | Lair:2   | Killed a one-headed hydra
 15002 | Lair:2   | Reached XP level 13. HP: 116/128 MP: 12/12
 15172 | Lair:3   | Found a staircase to the Snake Pit.
 16120 | Lair:4   | Found a staircase to the Swamp.
 16433 | Lair:4   | Slain by a swamp worm

Illustrated notes

Levels and vault maps discovered:
D:1:      denvon_arrival_planthouse, layout_loops_ring, serial_bayou_pond_c,
          minivault_23
D:2:      layout_loops_ring, vehumet_crystals, gammafunk_temple_overflow_claw,
          hangedman_decor_growths, bh_walls_and_bars
D:3:      minmay_evil_eye, layout_loops_corners, elyvilon_altar_1, minivault_23,
          tso_metal_star, uniq_ijyb, uniq_terence, uniq_sigmund
D:4:      layout_layer_cave, gammafunk_ghost_arena, st_stairs_4,
          lemuel_altar_in_water
D:5:      layout_basic, fedhas_altar_3, uniq_pikel
D:6:      layout_basic, kennysheep_minor_cross, hangedman_decor_lopped,
          uniq_grinder
D:7:      minmay_slanted_spiral_squares, layout_basic, kiku_gazebo_pond_becter,
          temple_doors_e, uniq_maggie, uniq_joseph, uniq_duvessa
D:8:      nzn_winding_woodlands_small [nzn_winding_woodlands_5x15_eye,
          nzn_winding_woodlands_center_garden,
          nzn_winding_woodlands_5x15_pockets], layout_gridville,
          nicolae_qazlal_general_emergency, minmay_misc_feat_cross
D:9:      layout_cave_pools, nicolae_ru_great_annihilating_truth,
          nicolae_overflow_hidden_temple, serial_undead, serial_undead_a,
          serial_undead_e, serial_undead_e, serial_undead_c
D:10:     layout_big_octagon, erik_lair_island
D:11:     gammafunk_indiana_jones, layout_irregular_city, serial_shops,
          nicolae_shop_trees, hangedman_ranch [blue_anna_fruit_fields],
          uniq_gastronok
D:12:     layout_gridville, zombieorc2_lemuel, minmay_st_funbox
Temple:   jpeg_temple_island
Lair:1:   layout_hall_layers, uniq_fannar
Lair:2:   layout_regular_city, infiniplex_staircase_pool, grunt_megastairs_3
Lair:3:   layout_long_grid, minmay_snake_entry_guardpost_small, st_stairs_5
Lair:4:   layout_concentric_octagons, swamp_mist_pool, worms_lemuel

Skill      XL: |  1  2  3  4  5  6  7  8  9 10 11 12 13 |
---------------+----------------------------------------+-----
Maces & Flails | 2 3 4 6 8 9 11 12 | 12.7
Armour         | 1 2 3 4 5 6 7 8 |  8.9
Evocations     | 1 2 3 4 5 6 7 8 9 |  9.0
Fighting       | 3 4 5 6 7 8 |  8.8
Dodging        | |  1.5
Stealth        | |  2.7

Action                   |  1- 3 |  4- 6 |  7- 9 | 10-12 | 13-15 || total
-------------------------+-------+-------+-------+-------+-------++-------
Melee: Mace              |   150 |   214 |   389 |     5 |       ||   758
       Flail             |       |    46 |    43 |       |       ||    89
       Dire flail        |       |       |       |   214 |       ||   214
       Hand axe          |       |       |       |   631 |   172 ||   803
Invok: Call Merchant     |       |       |       |     2 |       ||     2
Evoke: Wand              |       |     1 |     2 |    24 |     8 ||    35
  Use: Scroll            |     2 |     2 |     9 |     8 |     2 ||    23
       Potion            |       |     2 |     3 |     3 |       ||     8
 Stab: Sleeping          |     5 |       |     5 |     1 |       ||    11
       Invisible         |       |       |       |     1 |       ||     1
       Paralysed         |       |       |       |     1 |       ||     1
       Distracted        |       |       |       |     4 |     2 ||     6
Armor: Robe              |   102 |    37 |       |       |       ||   139
       Ice dragon scales |       |   131 |   315 |   518 |   113 ||  1077
       Skin              |       |       |       |    17 |       ||    17
Dodge: Dodged            |   122 |   113 |   217 |   441 |   113 ||  1006
